AoeStats
← StaLker

Arena

510547988Analyzed
4v4 RM · 1d ago on Oct 1, 2026· 55m 2s· 8 players
Game mode
Random Map
Map size
Large (8 player)
Population
200
Speed
Normal
Resources
Standard
Victory
Conquest
Starting age
Dark Age
Ending age
Imperial Age
RankedLock teamsTeams togetherTeam positionsShared explorationLock speedFull tech treeHidden civsTurbo modeCheats
Victory
Defeat
🇮🇳 Spanish · India
826
+13
🇺🇸 Mongols · United States
781
+15
🇮🇳 Saracens · India
769
+15
🇺🇸 Japanese · United States
743
+17
🇺🇸 Ethiopians · United States
834
-17
🇹🇷 Turks · Türkiye
777
-16
🇹🇷 Persians · Türkiye
726
-14
🇹🇷 Britons · Türkiye
699
-13
truffle shuffle
10:03 Feudal Age
11:05 Double-Bit Axe
11:02 Horse Collar
19:42 Castle Age
18:31 Scale Mail Armor
18:34 Stone Mining
18:38 Gold Mining
20:43 Wheelbarrow
22:58 Bow Saw
24:41 Heavy Plow
31:02 Imperial Age
30:24 Gold Shaft Mining
30:13 Fortified Wall
30:00 Murder Holes
30:38 Chain Mail Armor
30:34 Forging
31:34 Scale Barding Armor
30:54 Elite Skirmisher
32:59 Chemistry
32:55 Guard Tower
35:15 Two-Man Saw
35:27 Keep
35:31 Pikeman
38:02 Elite Samurai
39:11 Cavalier
40:01 Bloodlines
41:12 Yasama
41:35 Kataparuto
41:14 Onager
42:40 Plate Mail Armor
46:45 Iron Casting
46:31 Chain Barding Armor
46:37 Hand Cart
47:13 Capped Ram
51:00 Caravan
55:35 Blast Furnace
54:26 Fletching
54:57 Ballistics
JAS
11:05 Feudal Age
15:53 Castle Age
14:19 Double-Bit Axe
14:16 Horse Collar
15:24 Loom
17:29 Bow Saw
17:27 Heavy Plow
20:48 Gold Mining
21:25 Stone Mining
23:53 Wheelbarrow
27:36 Gold Shaft Mining
31:16 Imperial Age
29:16 Scale Barding Armor
29:24 Forging
29:18 Scale Mail Armor
30:23 Hand Cart
31:08 Iron Casting
30:56 Chain Barding Armor
30:58 Caravan
31:11 Padded Archer Armor
31:03 Fletching
31:23 Husbandry
31:59 Ballistics
31:32 Heavy Camel Rider
32:25 Bloodlines
32:57 Plate Barding Armor
34:07 Two-Man Saw
34:51 Blast Furnace
34:45 Leather Archer Armor
34:28 Bodkin Arrow
34:40 Elite Mameluke
36:23 Counterweights
36:36 Conscription
36:52 Hoardings
36:47 Elite Skirmisher
37:34 Thumb Ring
41:39 Coinage
43:52 Banking
JB
9:24 Feudal Age
10:16 Double-Bit Axe
14:05 Fletching
16:47 Wheelbarrow
20:15 Castle Age
19:20 Horse Collar
19:45 Padded Archer Armor
20:16 Crossbowman
21:14 Bodkin Arrow
23:02 Bow Saw
24:50 Loom
27:48 Gold Mining
30:50 Leather Archer Armor
31:03 Heavy Plow
31:10 Stone Mining
31:43 Thumb Ring
32:46 Gold Shaft Mining
32:47 Stone Shaft Mining
33:02 Hand Cart
33:55 Stone Shaft Mining
33:32 Forging
33:27 Scale Barding Armor
34:14 Masonry
34:18 Fortified Wall
35:01 Ballistics
38:49 Imperial Age
36:41 Murder Holes
37:51 Caravan
40:32 Iron Casting
40:02 Scale Barding Armor
39:48 Heavy Scorpion
40:53 Conscription
39:58 Arbalester
41:05 Parthian Tactics
41:40 Drill
41:43 Bloodlines
41:33 Husbandry
43:14 Chemistry
42:38 Siege Engineers
41:57 Elite Mangudai
44:14 Blast Furnace
43:34 Chain Barding Armor
43:25 Bracer
45:06 Hoardings
44:40 Capped Ram
46:40 Siege Ram
iamlegolas312
0:27 Loom
11:21 Feudal Age
11:57 Double-Bit Axe
13:40 Gold Mining
14:10 Horse Collar
22:15 Castle Age
20:42 Stone Mining
24:08 Bow Saw
24:44 Caravan
28:02 Wheelbarrow
32:48 Imperial Age
31:19 Bloodlines
31:50 Heavy Plow
32:17 Elite Skirmisher
33:03 Thumb Ring
33:47 Hand Cart
35:24 Forging
35:06 Fletching
35:17 Padded Archer Armor
34:41 Cavalier
36:11 Conscription
37:47 Chemistry
37:54 Iron Casting
38:06 Bodkin Arrow
38:26 Leather Archer Armor
39:32 Bracer
40:53 Blast Furnace
40:00 Scale Barding Armor
41:00 Paladin
42:59 Scale Barding Armor
43:24 Ring Archer Armor
43:01 Elite Conquistador
48:57 Sanctity
49:03 Illumination
48:49 Fervor
51:07 Husbandry
51:09 Scale Mail Armor
51:30 Chain Barding Armor
51:19 Murder Holes
51:34 Masonry
51:45 Ballistics
54:24 Plate Barding Armor
54:59 Two-Man Saw
ArmoniACx
12:57 Feudal Age
15:56 Double-Bit Axe
18:00 Gold Mining
22:30 Castle Age
20:34 Stone Mining
22:43 Fletching
22:55 Padded Archer Armor
26:40 Fortified Wall
32:58 Imperial Age
31:34 Gold Shaft Mining
33:36 Treadmill Crane
34:23 Conscription
36:35 Thumb Ring
37:30 Ballistics
36:52 Elite Janissary
40:09 Leather Archer Armor
42:59 Wheelbarrow
42:42 Bodkin Arrow
44:11 Horse Collar
48:30 Masonry
48:28 Bracer
48:58 Ring Archer Armor
Diax
10:11 Feudal Age
10:36 Double-Bit Axe
10:37 Horse Collar
18:32 Castle Age
18:16 Stone Mining
18:34 Gold Mining
25:33 Bow Saw
26:47 Caravan
27:28 Fortified Wall
28:40 Wheelbarrow
29:43 Heavy Plow
29:25 Pikeman
34:27 Imperial Age
32:25 Treadmill Crane
32:36 Heated Shot
32:49 Padded Archer Armor
32:50 Scale Mail Armor
32:58 Squires
32:44 Arson
35:19 Chain Mail Armor
35:28 Ballistics
35:14 Siphons
36:12 Conscription
36:47 Hand Cart
36:53 Hand Cart
38:48 Conscription
39:47 Sappers
41:33 Hoardings
42:18 Gold Shaft Mining
42:19 Leather Archer Armor
41:55 Fletching
41:52 Arrowslits
42:18 Masonry
44:32 Chemistry
44:03 Architecture
46:27 Ring Archer Armor
45:53 Bodkin Arrow
48:24 Yeomen
ComeNgetMe17
4:04 Loom
10:08 Feudal Age
11:26 Wheelbarrow
12:13 Double-Bit Axe
16:56 Castle Age
17:03 Stone Mining
17:14 Horse Collar
19:09 Heavy Plow
22:25 Town Watch
22:56 Fletching
28:23 Imperial Age
28:43 Gold Mining
29:29 Stone Shaft Mining
29:18 Bow Saw
29:56 Hand Cart
30:01 Elite Shotel Warrior
32:08 Conscription
33:48 Two-Man Saw
33:09 Crossbowman
33:55 Thumb Ring
35:05 Chemistry
34:33 Scale Mail Armor
35:08 Masonry
35:09 Fortified Wall
35:24 Padded Archer Armor
36:22 Gold Shaft Mining
36:28 Forging
36:34 Chain Mail Armor
36:46 Bodkin Arrow
37:06 Leather Archer Armor
37:05 Arbalester
38:32 Caravan
39:58 Plate Mail Armor
40:03 Iron Casting
39:29 Bracer
39:54 Ballistics
39:34 Onager
41:01 Royal Heirs
41:04 Capped Ram
42:07 Arson
42:22 Squires
46:57 Halberdier
StaLker
11:08 Feudal Age
13:02 Double-Bit Axe
16:21 Castle Age
16:24 Horse Collar
20:48 Heavy Plow
21:01 Bow Saw
25:55 Stone Mining
27:31 Husbandry
27:54 Gold Mining
33:17 Imperial Age
31:30 Scale Barding Armor
32:43 Caravan
33:14 Coinage
33:24 Chain Barding Armor
33:04 Cavalier
33:45 Capped Ram
33:55 Pikeman
34:36 Squires
35:06 Conscription
35:27 Siege Ram
38:32 Ballistics
39:13 Chemistry
37:53 Savar
39:24 Elite War Elephant
40:05 Onager
41:39 Plate Barding Armor
41:58 Stone Shaft Mining
43:37 Halberdier
44:10 Light Cavalry
45:01 Bloodlines
Connection lost

Rejoining the realm…

Still unreachable

The connection could not be restored.

Session expired

The server has moved on; the page needs a fresh start.